 Dungeon Crawl Stone Soup version 0.31-a0-240-gb923e448b6 (webtiles) character file.

Game seed: 6907670786567694652

816 Ijustatesigmund the Stinger (level 7, -7/40 HPs)
             Began as an Octopode Venom Mage on July 12, 2023.
             Mangled by Edmund
             ... wielding a +3 flail of holy wrath
              (12 damage)
             ... on level 5 of the Dungeon.
             The game lasted 00:12:57 (4840 turns).

Ijustatesigmund the Stinger (Octopode Venom Mage)   Turns: 4840, Time: 00:12:58

Health: -7/40      AC:  1    Str:  6    XL:     7   Next: 94%
Magic:  2/13       EV: 13    Int: 18    God:
Gold:   200        SH:  0    Dex: 17    Spells: 4/14 levels left

rFire   . . .        r - +6 short sword
rCold   . . .        (no shield)
rNeg    . . .        (helmet restricted)
rPois   .            (no amulet)
rElec   .            (no ring)
rCorr   .            (no ring)
SInv    .            (no ring)
Will    .....        (no ring)
Stlth   +++          (no ring)
HPRegen 0.26/turn    (no ring)
MPRegen 0.13/turn    (no ring)
                     (no ring)

%: no passive effects
@: no status effects
A: almost no armour, amphibious, 8 rings, camouflage 1, gelatinous body 1,
(nimble swimmer 1), tentacles, agile 1, frail 1
a: no special abilities


You were on level 5 of the Dungeon.
You visited 2 branches of the dungeon, and saw 6 of its levels.

You collected 200 gold pieces.

Inventory:

Hand Weapons
 b - a +1 spear
 r - a +6 short sword (weapon)
Missiles
 m - 5 curare-tipped darts (quivered)
Magical Staves
 q - a staff of conjuration
Jewellery
 f - a ring of ice
 p - a ring of flight
Talismans
 g - a beast talisman
 l - a blade talisman
Wands
 t - a wand of flame (10)
Scrolls
 c - 2 scrolls of teleportation
 i - a scroll of poison
 j - a scroll of blinking
 o - a scroll of enchant weapon
Potions
 a - a potion of magic
 d - 2 potions of enlightenment
 e - a potion of might
 h - a potion of haste
 k - a potion of degeneration {unknown}
 n - a potion of mutation
 s - a potion of attraction {unknown}


   Skills:
 - Level 2.3 Fighting
 - Level 2.1 Polearms
 - Level 2.0 Dodging
 - Level 2.6 Stealth
 + Level 4.0 Spellcasting
 + Level 3.2 Conjurations
 - Level 1.0 Transmutations
 + Level 3.5 Air Magic
 + Level 5.9 Poison Magic
 + Level 0.9 Evocations
 + Level 0.6 Shapeshifting


You had 4 spell levels left.
You knew the following spells:

 Your Spells              Type           Power      Damage    Failure   Level
a - Sting                 Tmut/Pois      64%        1d6       3%          1
b - Poisonous Vapours     Pois/Air       40%        N/A       3%          2
c - Mephitic Cloud        Conj/Pois/Air  18%        N/A       8%          3
d - Olgreb's Toxic Radia  Pois           25%        N/A       13%         4

Your spell library contained the following spells:

 Spells                   Type           Power      Damage    Failure   Level
 Call Canine Familiar     Summ           3%         N/A       41%         3
 Frozen Ramparts          Ice            6%         1d1       41%         3
 Portal Projectile        Hex/Tloc       6%         N/A       41%         3
 Petrify                  Tmut/Erth      5%         N/A       75%         4
 Leda's Liquefaction      Hex/Erth       1%         N/A       82%         4
 Freezing Cloud           Conj/Ice/Air   5%         6-21      85%         5
 Metabolic Englaciation   Hex/Ice        1%         N/A       99%         5


Dungeon Overview and Level Annotations

Branches:
Dungeon (5/15)             Temple (1/1) D:4

Altars:
Cheibriados
Fedhas
Gozag
Hepliaklqana
Nemelex Xobeh
Okawaru
Trog
Uskayaw
Wu Jian
Xom
Yredelemnul
Zin
The Shining One
Lugonu

Annotations:
D:2 Crazy Yiuf
D:4 2 transporters, disskorpion's ghost, novice GnHu
D:5 Edmund


Innate Abilities, Weirdness & Mutations

You cannot wear most types of armour.
You are amphibious.
You can wear up to eight rings at the same time.
Your skin changes colour to match your surroundings (Stealth+).
Your rubbery body absorbs attacks. (AC +1, EV +1)
((You are camouflaged when in or above water. (Stealth+)))
You have tentacles for arms and can constrict up to eight enemies at once.
You are agile. (Dex +4, Str/Int -1)
You are frail. (-10% HP)


Message History

Your toxic aura wanes.
Edmund asks, "Have you met my wondrous brother?"
You puncture the black bear!
You kill the black bear!
Your Spellcasting skill increases to level 4!
You completely miss Edmund. Your grab misses Edmund.
Edmund is moderately wounded.
Edmund hits you with a +3 flail of holy wrath!
You hit Edmund but do no damage. Your grab misses Edmund.
Edmund is moderately wounded.
Edmund hits you with a +3 flail of holy wrath!
You hit Edmund but do no damage. You grab Edmund.
Edmund is heavily wounded.
You constrict Edmund, but do no damage. Edmund barely misses you.
You hit Edmund.
Edmund is heavily wounded.
You constrict Edmund.
Edmund hits you with a +3 flail of holy wrath!
* * * LOW HITPOINT WARNING * * *
You hit Edmund. Your squeeze misses Edmund.
Edmund is severely wounded.
You constrict Edmund. Edmund closely misses you.
It was a potion of mutation.
You feel extremely strange.
You feel frail.
You feel agile.
You constrict Edmund, but do no damage.
Edmund hits you with a +3 flail of holy wrath.
* * * LOW HITPOINT WARNING * * *
You hit Edmund but do no damage. You squeeze Edmund, but do no damage.
Edmund is severely wounded.
You constrict Edmund. Edmund misses you.
You hit Edmund but do no damage.
Edmund is severely wounded.
You constrict Edmund.
Edmund hits you with a +3 flail of holy wrath.
* * * LOW HITPOINT WARNING * * *
You hit Edmund but do no damage.
Edmund is severely wounded.
You constrict Edmund.
Edmund hits you with a +3 flail of holy wrath!
You die...

#.......†...'.......#
#.......#...#.......#
##.....##...##.....##
##...###...###...##
##### #...# #####
#...# . #...# ...
#...#.....
+.@@'....?.
#...#......
#...##..... #...#
#...# #.... ####
####.. ##


You could see Edmund (very poisoned).

Vanquished Creatures
  Prince Ribbit (D:5)
  A black bear (D:5)
  A scorpion (D:4)
  6 hounds
  A jelly (D:5)
  3 iguanas
  Terence (D:3)
  2 orc wizards (D:4)
  3 adders
  A white imp (D:5)
  A worm (D:2)
  2 dart slugs
  6 orcs
  A bat (D:2)
  8 endoplasms
  2 giant cockroaches
  10 goblins
  6 hobgoblins
  4 quokkas
  6 ball pythons
  A frilled lizard (D:1)
  7 kobolds
  3 rats
77 creatures vanquished.

Notes
Turn   | Place    | Note
-------+----------+-------------------------------------------
     0 | D:1      | Ijustatesigmund the Octopode Venom Mage began the quest for
                  | the Orb.
     0 | D:1      | Reached XP level 1. HP: 11/11 MP: 3/3
   607 | D:1      | Reached XP level 2. HP: 18/18 MP: 3/5
   610 | D:1      | Learned a level 2 spell: Poisonous Vapours
  1206 | D:2      | Found a faded altar of an unknown god.
  1226 | D:2      | Reached skill level 4 in Poison Magic
  1394 | D:2      | Reached skill level 1 in Fighting
  1428 | D:2      | Reached XP level 3. HP: 15/23 MP: 1/6
  1483 | D:2      | Learned a level 3 spell: Mephitic Cloud
  1728 | D:2      | Found a runed translucent door.
  1729 | D:2      | Noticed Crazy Yiuf
  1868 | D:3      | Reached skill level 1 in Air Magic
  1921 | D:3      | Noticed Terence
  1937 | D:3      | Killed Terence
  1938 | D:3      | Reached XP level 4. HP: 18/28 MP: 0/7
  2272 | D:3      | Found a glowing silver altar of Zin.
  2818 | D:4      | Found a staircase to the Ecumenical Temple.
  2825 | Temple   | Entered the Ecumenical Temple
  2893 | D:4      | Reached skill level 1 in Polearms
  2893 | D:4      | Reached skill level 1 in Conjurations
  2988 | D:4      | Reached XP level 5. HP: 11/33 MP: 5/9
  3351 | D:4      | Reached XP level 6. HP: 28/38 MP: 7/10
  3356 | D:4      | Learned a level 4 spell: Olgreb's Toxic Radiance
  3397 | D:4      | Found a blossoming altar of Fedhas.
  3405 | D:4      | Reached skill level 5 in Poison Magic
  3455 | D:4      | Found a hazy altar of Hepliaklqana.
  3456 | D:4      | Found an opulent altar of Gozag.
  3458 | D:4      | Found a snail-covered altar of Cheibriados.
  3491 | D:4      | Noticed an orc warrior
  3492 | D:4      | Found a transporter.
  3547 | D:4      | Found a transporter.
  3548 | D:4      | Noticed disskorpion's ghost (novice GnHu)
  3959 | D:4      | Found a hide-covered altar of Uskayaw.
  4124 | D:5      | Entered Level 5 of the Dungeon
  4179 | D:5      | Noticed Prince Ribbit
  4232 | D:5      | Killed Prince Ribbit
  4233 | D:5      | Reached XP level 7. HP: 35/45 MP: 5/12
  4826 | D:5      | Noticed Edmund
  4837 | D:5      | Gained mutation: You are frail. (-10% HP) [potion of
                  | mutation]
  4837 | D:5      | Gained mutation: You are agile. (Dex +4, Str/Int -1)
                  | [potion of mutation]
  4840 | D:5      | Mangled by Edmund

Illustrated notes

Levels and vault maps discovered:
D:1:      wheals_arrival_shading, layout_basic
D:2:      layout_loops_cross, shapermc_ecumenical_altar_mp_urbaneastern,
          kennysheep_generic_room_11, uniq_crazy_yiuf_cottage
D:3:      layout_rooms, mainiacjoe_overflow_cross_hatched,
          roderic_st_hans_cross, nrook_loot_triangle, uniq_terence
D:4:      layout_loops_corners, minitemple, mainiacjoe_overflow_brackets,
          minmay_temple_entry_glassed_door, gammafunk_ghost_arena,
          minmay_fractal_squares_diagonal_5
D:5:      kennysheep_six_static_rooms, layout_basic, makhleb_heckhound_becter,
          nicolae_overflow_hidden_temple, gammafunk_ghost_grave,
          minmay_fractal_squares_gapless_5, uniq_prince_ribbit1, uniq_edmund
Temple:   corrupted_temple

Skill      XL: |  1  2  3  4  5  6  7 |
---------------+----------------------+-----
Poison Magic   | 4 5 |  5.9
Fighting       | 1 2 |  2.3
Air Magic      | 1 2 3 |  3.5
Polearms       | 1 2 |  2.1
Conjurations   | 1 2 3 |  3.2
Spellcasting   | 3 4 |  4.0
Dodging        | |  2.0
Stealth        | |  2.6
Transmutations | |  1.0
Evocations     | |  0.9
Shapeshifting  | |  0.6

Action                     |  1- 3 |  4- 6 |  7- 9 || total
---------------------------+-------+-------+-------++-------
  Melee: Spear             |    47 |    73 |       ||   120
         Tentacles         |     7 |    16 |     3 ||    26
         Constrict         |     7 |    14 |     6 ||    27
         Punch             |     1 |       |       ||     1
         Short sword       |       |     9 |    26 ||    35
  Throw: Dart              |       |     2 |       ||     2
   Cast: Sting             |    10 |     1 |       ||    11
         Poisonous Vapours |    17 |    37 |     2 ||    56
         Olgreb's Toxic Ra |       |     2 |     4 ||     6
         Mephitic Cloud    |       |     2 |       ||     2
  Evoke: Wand              |       |       |     2 ||     2
    Use: Scroll            |     9 |     2 |       ||    11
         Potion            |       |     1 |     1 ||     2
   Stab: Sleeping          |     2 |     1 |       ||     3
         Confused          |       |     1 |       ||     1
 Armour: Skin              |     1 |     5 |       ||     6
  Dodge: Dodged            |    17 |    41 |    14 ||    72

Table legend: (Time is in decaauts)
 A = Elapsed time spent in this place.
 B = Non-inter-level travel time spent in this place.
 C = Inter-level travel time spent in this place.
 D = Time resting spent in this place.
 E = Time spent auto-exploring this place.
 F = Levels seen in this place.
 G = Mean time per level.
                   A        B        C        D        E       F      G
               +--------+--------+--------+--------+--------+-----+--------+
         Total |   4844 |   4698 |    146 |   1177 |   2899 |   6 |  807.3 |
       Dungeon |   4803 |   4671 |    132 |   1177 |   2880 |   5 |  960.6 |
        Temple |     40 |     27 |     13 |      0 |     19 |   1 |   40.0 |
               +--------+--------+--------+--------+--------+-----+--------+

Top non-repeatable levels by time:
     D:4: 1517 daAuts
     D:1: 947 daAuts
     D:2: 821 daAuts
     D:3: 802 daAuts
     D:5: 715 daAuts
  Temple: 40 daAuts
